 Dungeon Crawl Stone Soup version 0.20.0-15-g7f486f2 (webtiles) character file.

13207 Margim the Basher (level 11, -6/76 HPs)
             Began as a Demonspawn Abyssal Knight on June 27, 2017.
             Was an Elder of Lugonu.
             Mangled by a catoblepas (10 damage)
             ... on level 2 of the Lair of Beasts.
             The game lasted 00:40:28 (13849 turns).

Margim the Basher (Demonspawn Abyssal Knight)      Turns: 13849, Time: 00:40:28

Health: -6/76      AC: 17    Str: 14    XL:     11   Next: 72%
Magic:  14/18      EV:  4    Int: 13    God:    Lugonu [****..]
Gold:   777        SH:  0    Dex: 15    Spells: 10/10 levels left

rFire    + . .     SeeInvis .   F - +3 dire flail (curse)
rCold    + . .     Gourm    .   (shield currently unavailable)
rNeg     . . .     Faith    .   j - +0 chain mail
rPois    +         Spirit   .   (helmet unavailable)
rElec    .         Reflect  .   x - +2 cloak {MR+}
rCorr    .         Harm     .   (no gloves)
MR       +....                  r - +1 pair of boots
Stlth    ..........             (no amulet)
Regen    0.3/turn               H - ring of protection from fire
MPRegen  0.2/turn               G - ring of poison resistance

@: petrifying, very slow
A: horns 3, thin metallic scales 2, cold resistance 1, spiny 1, freezing cloud
immunity
a: Depart the Abyss, Bend Space, Banish, Corrupt, Renounce Religion


You were on level 2 of the Lair of Beasts.
You worshipped Lugonu.
Lugonu was greatly pleased with you.
You were not hungry.

You visited 2 branches of the dungeon, and saw 13 of its levels.
You visited the Abyss 1 time.

You collected 777 gold pieces.

Inventory:

Hand Weapons
 a - a +2 mace
 F - a cursed +3 dire flail (weapon)
Missiles
 d - 420 stones (quivered)
Armour
 j - a +0 chain mail (worn)
 r - a +1 pair of boots (worn)
 w - a +0 plate armour
 x - a +2 cloak of magic resistance (worn)
 y - a +1 chain mail of cold resistance
 T - a scarf of resistance
Jewellery
 b - a +2 ring of dexterity
 G - a ring of poison resistance (right hand)
 H - a ring of protection from fire (left hand)
Wands
 e - a wand of disintegration (6/24)
 f - a wand of digging (24/24)
 L - a wand of paralysis (13/24)
 P - a wand of lightning (9/15)
 R - a wand of paralysis (12/24)
 S - a wand of digging (12/24)
 V - a wand of lightning (6/15)
Scrolls
 g - 3 scrolls of enchant weapon
 h - 6 scrolls of teleportation
 n - a scroll of blinking
 q - 5 scrolls of remove curse
 v - 2 scrolls of immolation {unknown}
 A - 3 scrolls of magic mapping {unknown}
 B - 4 scrolls of amnesia
 D - 2 scrolls of enchant armour
 J - a scroll of brand weapon {unknown}
 M - a scroll of recharging
 O - 2 scrolls of fear {unknown}
 U - a scroll of random uselessness {unknown}
Potions
 k - 2 potions of might
 l - 2 potions of berserk rage
 m - 7 potions of curing
 o - 5 potions of lignification
 s - 2 potions of haste
 t - 2 potions of agility
 C - 2 potions of flight
 E - 2 potions of brilliance
 N - a potion of heal wounds {unknown}
Books
 z - a book of Callings

   Spells                             Type                      Level
   a - Summon Small Mammal            Summoning                    1
   b - Call Imp                       Summoning                    2
   c - Call Canine Familiar           Summoning                    3
   d - Summon Guardian Golem          Hexes/Summoning              3
   e - Summon Lightning Spire         Summoning/Air                4
   f - Summon Ice Beast               Ice/Summoning                4
 I - a book of Party Tricks

   Spells                             Type                      Level
   a - Summon Butterflies             Summoning                    1
   b - Apportation                    Translocation                1
   c - Lesser Beckoning               Translocation                3
   d - Tukima's Dance                 Hexes                        3
   e - Alistair's Intoxication        Transmutation/Poison         5
   f - Invisibility                   Hexes                        6
 Q - a book of the Sky

   Spells                             Type                      Level
   a - Summon Lightning Spire         Summoning/Air                4
   b - Silence                        Hexes/Air                    5
   c - Deflect Missiles               Charms/Air                   6
   d - Conjure Ball Lightning         Conjuration/Air              6
   e - Tornado                        Air                          9
Comestibles
 c - 3 bread rations
 i - 14 fruits
 p - 2 meat rations
 u - 13 royal jellies
 K - a chunk of flesh


   Skills:
 + Level 3.9 Fighting
 - Level 14.8 Maces & Flails
 + Level 2.8 Armour
 + Level 2.3 Dodging
 - Level 0.2 Stealth
 - Level 10.1 Invocations


You had 10 spell levels left.
You didn't know any spells.

Dungeon Overview and Level Annotations

Branches:
Dungeon (11/15)            Temple (0/1) D:4            Lair (2/6) D:11
    Orc (0/2) D:11
  Swamp: Lair:2-4    Shoals: Lair:2-4     Snake: Lair:2-4    Spider: Lair:2-4

Altars:
Ashenzari
Dithmenos
Gozag
Nemelex Xobeh
Qazlal
Uskayaw
Yredelemnul

Annotations:
Abyss:1 Erica, Joseph


Innate Abilities, Weirdness & Mutations

You have a pair of large horns on your head.
You are mostly covered in thin metallic scales. (AC +3)
Your flesh is cold resistant. (rC+)
You are partially covered in sharp spines.
You are immune to freezing clouds.


Message History

* * * LOW HITPOINT WARNING * * *
The catoblepas gores you but does no damage. x2
The catoblepas is struck by your spines.
The catoblepas gores you.
* * * LOW HITPOINT WARNING * * *
The catoblepas breathes a plume of calcifying dust at you.
The blast of calcifying dust hits you!
You are engulfed in calcifying dust.
The catoblepas is struck by your spines.
The catoblepas gores you!!
* * * LOW HITPOINT WARNING * * *
You turn to flesh and can move again.
Press: ? - help, Shift-Dir - straight line, f - catoblepas
Aim: a catoblepas (moderately wounded, chance to defeat MR: 24%)
The catoblepas resists with almost no effort.
You feel somewhat more hungry.
You are engulfed in calcifying dust.
You are slowing down.
The catoblepas is struck by your spines.
The catoblepas gores you!
You die...

#.... ##♣.♣.....♣♣.#..#### ##
.....##♣.♣...P.....♣....# #####P
.......P..............######.#...
.....................♣♣♣##.......
......♣..............P♣#.........
.......P......(.P................
.....♣......#####P..............#
.......P....#?.Y#.........<....##
............#..)@(.............#
.......P...P#"..#§..........####
.....♣......#####.§........##
.....♣...[.....P.........P##
...............P.......#.##
.......♣.......P........##
....##♣♣..........P......#####
P.#. ♣P...........♣......##.####
#### #.#.P....P.................


You could see a catoblepas.

Vanquished Creatures
  Harold (Lair:1)
  The ghost of Vizrt the Destroyer, a novice DgFE (D:9)
  An elephant (Lair:2)
  A torpor snail (Lair:2)
  3 komodo dragons
  4 trolls
  2 hippogriffs
  A slime creature (D:6)
  3 dream sheep (Lair:2)
  A spriggan (Lair:2)
  5 yaks (Lair:2)
  A vampire (D:10)
  A basilisk (Lair:2)
  A warg (D:11)
  4 water moccasins
  2 porcupines (Lair:2)
  5 sky beasts
  3 orc warriors
  2 black bears
  3 ice beasts
  A phantom (D:9)
  7 wolves
  3 centaurs
  3 ogres
  2 crocodiles
  6 bullfrogs
  A wyvern zombie (D:9)
  A water moccasin zombie (D:6)
  3 wights (D:9)
  A howler monkey (D:11)
  5 crimson imps
  A bullfrog zombie (D:11)
  3 orc priests (D:11)
  7 hounds
  A gnoll shaman (D:10)
  A centaur skeleton (D:10)
  12 jellies
  7 orc wizards
  2 bullfrog skeletons
  Jessica (D:2)
  4 iguanas
  8 worker ants
  A hound skeleton (D:11)
  A worker ant zombie (D:10)
  18 gnolls
  8 adders
  A shadow imp (D:11)
  17 oozes
  An adder zombie (D:6)
  A dart slug (D:5)
  5 leopard geckos
  28 orcs
  5 giant cockroaches
  2 gnoll zombies (D:6)
  5 goblins
  11 hobgoblins
  19 jackals
  6 quokkas
  4 ball pythons
  5 bats
  4 frilled lizards
  3 kobolds
  A quokka zombie (D:5)
  8 rats
279 creatures vanquished.

Vanquished Creatures (others)
  A two-headed ogre (D:8)
  The ghost of kimtruck the Basher, a novice MiBe of Trog (D:8)
  An ugly thing (D:11)
  2 orc warriors
  An ogre (D:6)
  An orc wizard (D:8)
  3 fungi (D:6)
10 creatures vanquished.

Grand Total: 289 creatures vanquished

Notes
Turn   | Place    | Note
-------+----------+-------------------------------------------
     0 | Abyss:1  | Margim the Demonspawn Abyssal Knight began the quest for the Orb.
     0 | Abyss:1  | Reached XP level 1. HP: 18/18 MP: 2/2
    10 | D:1      | Escaped the Abyss
   106 | D:1      | Reached skill level 2 in Maces & Flails
   444 | D:1      | Gained mutation: You are partially covered in thin metallic scales. (AC +2) [demonic ancestry]
   444 | D:1      | Reached XP level 2. HP: 24/24 MP: 3/3
   855 | D:1      | Reached ** piety under Lugonu
  1149 | D:2      | Found a hide-covered altar of Uskayaw.
  1174 | D:2      | Gained mutation: You have a pair of small horns on your head. [demonic ancestry]
  1174 | D:2      | Reached XP level 3. HP: 28/29 MP: 5/5
  1261 | D:2      | Reached skill level 3 in Maces & Flails
  1452 | D:2      | Found an opulent altar of Gozag.
  1453 | D:2      | Found a sparkling altar of Nemelex Xobeh.
  1811 | D:2      | Gained mutation: Your flesh is cold resistant. (rC+) [demonic ancestry]
  1811 | D:2      | Reached XP level 4. HP: 3/35 MP: 6/6
  2068 | D:3      | Noticed Jessica
  2083 | D:2      | Killed Jessica
  2083 | D:2      | Reached skill level 4 in Maces & Flails
  2965 | D:4      | Found a shadowy altar of Dithmenos.
  2981 | D:4      | Gained mutation: You are mostly covered in thin metallic scales. (AC +3) [demonic ancestry]
  2981 | D:4      | Reached XP level 5. HP: 24/41 MP: 7/7
  3333 | D:4      | Reached skill level 5 in Maces & Flails
  3465 | D:4      | Found a staircase to the Ecumenical Temple.
  3471 | D:4      | Reached *** piety under Lugonu
  3624 | D:4      | Reached XP level 6. HP: 41/47 MP: 9/9
  4158 | D:5      | Entered Level 5 of the Dungeon
  4247 | D:5      | Reached skill level 6 in Maces & Flails
  4333 | D:5      | Gained mutation: You are immune to freezing clouds. [demonic ancestry]
  4333 | D:5      | Reached XP level 7. HP: 38/52 MP: 10/10
  4746 | D:5      | Reached skill level 5 in Invocations
  4891 | D:5      | Reached skill level 7 in Maces & Flails
  5356 | D:6      | Noticed a slime creature
  5375 | D:6      | Killed a slime creature
  5375 | D:6      | Reached skill level 8 in Maces & Flails
  5375 | D:6      | Gained mutation: You have a pair of horns on your head. [demonic ancestry]
  5375 | D:6      | Reached XP level 8. HP: 25/58 MP: 12/12
  5386 | D:6      | Reached **** piety under Lugonu
  5727 | D:6      | Found a shattered altar of Ashenzari.
  5894 | D:6      | Reached skill level 9 in Maces & Flails
  6144 | D:6      | HP: 2/58 [orc/whip (3)]
  6759 | D:6      | Found a stormy altar of Qazlal.
  6824 | D:6      | Found a basalt altar of Yredelemnul.
  7012 | D:7      | Noticed a hippogriff
  7024 | D:7      | Killed a hippogriff
  7024 | D:7      | Gained mutation: You are partially covered in sharp spines. [demonic ancestry]
  7024 | D:7      | Reached XP level 9. HP: 37/63 MP: 13/15
  7472 | D:7      | Reached skill level 10 in Maces & Flails
  8023 | D:8      | Noticed kimtruck's ghost (novice MiBe)
  8027 | D:8      | Banished kimtruck's ghost
  8085 | D:8      | Noticed a two-headed ogre
  8092 | D:8      | Banished a two-headed ogre
  8092 | D:8      | Reached skill level 11 in Maces & Flails
  8458 | D:8      | Reached skill level 10 in Invocations
  8465 | D:8      | Reached XP level 10. HP: 63/70 MP: 17/17
  9535 | D:9      | Noticed Vizrt's ghost (novice DgFE)
  9552 | D:9      | Killed Vizrt's ghost
  9702 | D:9      | Reached skill level 12 in Maces & Flails
 10153 | D:9      | Noticed Joseph
 10155 | D:9      | Banished Joseph
 10680 | D:10     | Entered Level 10 of the Dungeon
 11073 | D:10     | Reached skill level 13 in Maces & Flails
 11775 | D:11     | Noticed a red ugly thing
 11783 | D:11     | Banished a red ugly thing
 11826 | D:11     | Gained mutation: You have a pair of large horns on your head. [demonic ancestry]
 11826 | D:11     | Reached XP level 11. HP: 70/75 MP: 18/18
 12056 | D:11     | Found a staircase to the Lair.
 12199 | D:11     | Found a staircase to the Orcish Mines.
 12404 | Lair:1   | Entered Level 1 of the Lair of Beasts
 12467 | Lair:1   | Noticed Erica
 12468 | Lair:1   | Banished Erica
 12513 | Lair:1   | Noticed Harold
 12529 | Lair:1   | Killed Harold
 12529 | Lair:1   | Reached skill level 14 in Maces & Flails
 13605 | Lair:2   | Reached skill level 1 in Dodging
 13831 | Lair:2   | Noticed a catoblepas
 13849 | Lair:2   | Mangled by a catoblepas

Skill      XL: |  1  2  3  4  5  6  7  8  9 10 11 |
---------------+----------------------------------+-----
Maces & Flails | 2 3 4 5 6 8 9 11 13 14 | 14.8
Invocations    | 3 4 6 8 10 | 10.1
Dodging        | 2 |  2.3
Armour         | 2 |  2.8
Fighting       | |  3.9
Stealth        | |  0.2

Action                   |  1- 3 |  4- 6 |  7- 9 | 10-12 || total
-------------------------+-------+-------+-------+-------++-------
Melee: Mace              |   113 |   194 |   349 |    77 ||   733
       Headbutt          |     6 |    28 |    67 |    66 ||   167
       Dire flail        |       |       |       |   325 ||   325
Throw: Stone             |     2 |       |       |     1 ||     3
Invok: Banish            |       |       |     6 |     5 ||    11
  Use: Scroll            |     2 |     9 |     6 |     3 ||    20
       Potion            |       |       |     2 |       ||     2
  Eat: Chunk             |     3 |     8 |    13 |    15 ||    39
       Royal jelly       |       |       |     1 |     2 ||     3
Armor: Leather armour    |     4 |       |       |       ||     4
       Chain mail        |    75 |   141 |   238 |   160 ||   614
Dodge: Dodged            |    47 |    62 |    83 |    69 ||   261
